HBL
DANVILLE DAIRY DADDIES @ BROOKLYN CYCLONES
06/16/1997
 
TOP OF THE 1ST
Danville Dairy Daddies batting - Pitching for Brooklyn Cyclones : LHP Matt Perisho
Pitching: LHP Matt Perisho
Batting: RHB Shawn Gilbert 0-0: Ball
1-0: Called Strike
1-1: SINGLE (Line Drive, 6D, EV 105.0 MPH)
Batting: RHB Takahiro Ikeyama 0-0: Ball
1-0: Called Strike
1-1: SINGLE (Groundball, 56, EV 101.3 MPH) (infield hit)
Shawn Gilbert to second
Batting: LHB Rusty Greer 0-0: Ball
1-0: Ball
2-0: Ball
3-0: Base on Balls
Shawn Gilbert to third
Takahiro Ikeyama to second
Batting: LHB Lee Stevens 0-0: Called Strike
0-1: SINGLE (Groundball, 34D, EV 104.4 MPH)
Shawn Gilbert scores
Takahiro Ikeyama to third
Rusty Greer to second
Runner from 3rd tries for Home, SAFE, throw by RF to home
Batting: LHB Brant Brown 0-0: Called Strike
0-1: Ball
1-1: SINGLE (Groundball, 6MD, EV 98.8 MPH)
Rusty Greer to third
Lee Stevens to second
Batting: RHB Mike Blowers 0-0: Ball
1-0: Swinging Strike
1-1: Ball
2-1: Ball
3-1: Base on Balls
Rusty Greer scores
Lee Stevens to third
Brant Brown to second
Batting: LHB Midre Cummings 0-0: Ball
1-0: Ball
Wild Pitch!
Lee Stevens scores
Brant Brown to third
Mike Blowers to second
2-0: Ball
3-0: Called Strike
3-1: Called Strike
3-2: Ground out 4-3 (Groundball, 34D, EV 104.4 MPH)
Brant Brown scores
Mike Blowers to third
Batting: RHB Mike Stanley 0-0: SINGLE (Groundball, 6D, EV 103.8 MPH)
Mike Blowers scores
Batting: RHB Kevin Polcovich 0-0: Ball
1-0: Foul Ball, location: 2F
1-1: Swinging Strike
1-2: Fly out, F7 (Flyball, 7LDF, EV 94.4 MPH)
Batting: RHB Shawn Gilbert 0-0: Called Strike
0-1: Swinging Strike
0-2: Strikes out swinging
Top of the 1st over - 6 runs, 5 hits, 0 errors, 1 left on base; Danville 6 - Brooklyn 0
BOTTOM OF THE 1ST
Brooklyn Cyclones batting - Pitching for Danville Dairy Daddies : RHP Scott Scudder
Pitching: RHP Scott Scudder
Batting: RHB Onix Concepcion 0-0: Ball
1-0: Called Strike
1-1: Ground out U3 (Groundball, 34, EV 80.0 MPH)
Batting: LHB Ray Giannelli 0-0: Called Strike
0-1: Ball
1-1: Ground out 4-3 (Groundball, 4, EV 93.8 MPH)
Batting: RHB Jed Hansen 0-0: Ground out 6-3 (Groundball, 6, EV 104.4 MPH)
Bottom of the 1st over - 0 runs, 0 hits, 0 errors, 0 left on base; Danville 6 - Brooklyn 0
TOP OF THE 2ND
Danville Dairy Daddies batting - Pitching for Brooklyn Cyclones : LHP Matt Perisho
Batting: RHB Takahiro Ikeyama 0-0: Fly out, F8 (Flyball, 8LS, EV 84.4 MPH)
Batting: LHB Rusty Greer 0-0: Ball
1-0: Ball
2-0: Called Strike
2-1: Fly out, F8 (Flyball, 8LS, EV 79.4 MPH)
Batting: LHB Lee Stevens 0-0: Swinging Strike
0-1: Ball
1-1: Ball
2-1: Fly out, F6 (Popup, 56, EV 67.5 MPH)
Top of the 2nd over - 0 runs, 0 hits, 0 errors, 0 left on base; Danville 6 - Brooklyn 0
BOTTOM OF THE 2ND
Brooklyn Cyclones batting - Pitching for Danville Dairy Daddies : RHP Scott Scudder
Batting: SHB Turner Ward 0-0: Foul Ball, location: 2F
0-1: Swinging Strike
0-2: Ball
1-2: Ball
2-2: Strikes out swinging
Batting: RHB Brent Cookson 0-0: Ball
1-0: Called Strike
1-1: Foul Ball, location: 2F
1-2: Ball
2-2: Ball
3-2: Foul Ball, location: 2F
3-2: Base on Balls
Batting: RHB Pedro Castellano 0-0: Swinging Strike
0-1: Swinging Strike
0-2: Strikes out swinging
Batting: RHB Mike R. Fitzgerald 0-0: Ball
1-0: Ball
2-0: Called Strike
2-1: SINGLE (Groundball, 5D, EV 107.5 MPH)
Brent Cookson to second
Batting: RHB Alan Cockrell 0-0: Called Strike
0-1: Foul Ball, location: 2F
0-2: Foul Ball, location: 2F
0-2: Ball
1-2: SINGLE (Line Drive, 9S, EV 107.5 MPH)
Brent Cookson to third
Mike R. Fitzgerald to second
Batting: RHB Kevin Flora 0-0: Called Strike
0-1: Foul Ball, location: 2F
0-2: Fielders Choice at 2nd, U6 (Groundball, 6M, EV 105.6 MPH)
Bottom of the 2nd over - 0 runs, 2 hits, 0 errors, 3 left on base; Danville 6 - Brooklyn 0
TOP OF THE 3RD
Danville Dairy Daddies batting - Pitching for Brooklyn Cyclones : LHP Matt Perisho
Batting: LHB Brant Brown 0-0: Ball
1-0: Ball
2-0: SINGLE (Groundball, 34D, EV 106.9 MPH)
Batting: RHB Mike Blowers 0-0: Ball
1-0: Called Strike
1-1: Grounds into double play, 6-4-3 (Groundball, 6, EV 85.6 MPH)
Batting: LHB Midre Cummings 0-0: Fly out, F8 (Line Drive, 8LM, EV 91.3 MPH)
Top of the 3rd over - 0 runs, 1 hit, 0 errors, 0 left on base; Danville 6 - Brooklyn 0
BOTTOM OF THE 3RD
Brooklyn Cyclones batting - Pitching for Danville Dairy Daddies : RHP Scott Scudder
Batting: RHB Onix Concepcion 0-0: Called Strike
0-1: Ball
1-1: Ball
2-1: Fly out, F7 (Flyball, 7, EV 89.4 MPH)
Batting: LHB Ray Giannelli 0-0: Called Strike
0-1: Ball
1-1: Ball
2-1: Foul Ball, location: 2F
2-2: Ball
3-2: Base on Balls
Batting: RHB Jed Hansen 0-0: Ball
1-0: Ball
2-0: Ball
3-0: Base on Balls
Ray Giannelli to second
Batting: SHB Turner Ward 0-0: Foul Ball, location: 2F
0-1: Fly out, F3 (Line Drive, 3, EV 74.4 MPH)
Batting: RHB Brent Cookson 0-0: Ball
1-0: Foul Ball, location: 2F
1-1: SINGLE (Groundball, 56D, EV 95.6 MPH)
Ray Giannelli to third
Jed Hansen to second
Runner from 3rd tries for Home, SAFE, throw by LF to home
Batting: RHB Pedro Castellano 0-0: Ball
1-0: Foul Ball, location: 2F
1-1: Ball
2-1: Foul Ball, location: 2F
2-2: Ball
3-2: Fly out, F7 (Flyball, 7D, EV 106.9 MPH)
Bottom of the 3rd over - 1 run, 1 hit, 0 errors, 2 left on base; Danville 6 - Brooklyn 1
TOP OF THE 4TH
Danville Dairy Daddies batting - Pitching for Brooklyn Cyclones : LHP Matt Perisho
Batting: RHB Mike Stanley 0-0: Ball
1-0: Called Strike
1-1: Ball
2-1: Foul Ball, location: 2F
2-2: Ball
3-2: Strikes out swinging
Batting: RHB Kevin Polcovich 0-0: Called Strike
0-1: Ball
1-1: Ground out 1-3 (Groundball, 13S, EV 67.5 MPH)
Batting: RHB Shawn Gilbert 0-0: Ball
1-0: Fly out, F8 (Flyball, 8LXD, EV 96.3 MPH)
Top of the 4th over - 0 runs, 0 hits, 0 errors, 0 left on base; Danville 6 - Brooklyn 1
BOTTOM OF THE 4TH
Brooklyn Cyclones batting - Pitching for Danville Dairy Daddies : RHP Scott Scudder
Batting: RHB Mike R. Fitzgerald 0-0: Foul Ball, location: 2F
0-1: Ball
1-1: Fly out, F9 (Flyball, 9LM, EV 88.8 MPH)
Batting: RHB Alan Cockrell 0-0: Called Strike
0-1: Ball
1-1: Ball
2-1: DOUBLE (Line Drive, 89M, EV 106.9 MPH)
Batting: RHB Kevin Flora 0-0: Ball
1-0: Fly out, F9 (Flyball, 9S, EV 69.4 MPH)
Batting: RHB Onix Concepcion 0-0: Foul Ball, location: 2F
0-1: Foul Ball, location: 2F
0-2: SINGLE (Flyball, 89S, EV 85.0 MPH)
Alan Cockrell to third
Runner from 3rd tries for Home, SAFE, no throw by RF
Batting: LHB Ray Giannelli 0-0: Foul Ball, location: 2F
0-1: Ball
1-1: Foul Ball, location: 2F
1-2: Foul Ball, location: 2F
1-2: Ball
2-2: Foul Ball, location: 2F
2-2: Ball
3-2: Base on Balls
Onix Concepcion to second
Batting: RHB Jed Hansen 0-0: Ball
1-0: Foul Ball, location: 2F
1-1: SINGLE (Line Drive, 8RS, EV 101.3 MPH)
Onix Concepcion to third
Ray Giannelli to second
Runner from 3rd tries for Home, SAFE, throw by CF to home
Batting: SHB Turner Ward 0-0: Fly out, F6 (Popup, 4MS, EV 82.5 MPH)
Bottom of the 4th over - 2 runs, 3 hits, 0 errors, 2 left on base; Danville 6 - Brooklyn 3
TOP OF THE 5TH
Danville Dairy Daddies batting - Pitching for Brooklyn Cyclones : LHP Matt Perisho
Batting: RHB Takahiro Ikeyama 0-0: Foul Ball, location: 2F
0-1: Ball
1-1: Ball
2-1: Called Strike
2-2: Ball
3-2: Hit by Pitch
Pitching: RHP Todd Erdos
Batting: LHB Rusty Greer 0-0: Ball
1-0: SINGLE (Groundball, 6D, EV 99.4 MPH)
Takahiro Ikeyama to second
Batting: LHB Lee Stevens 0-0: Ball
1-0: Ball
2-0: Ball
3-0: Called Strike
3-1: Base on Balls
Takahiro Ikeyama to third
Rusty Greer to second
Batting: LHB Brant Brown 0-0: Called Strike
0-1: DOUBLE (Line Drive, 89D, EV 109.4 MPH)
Takahiro Ikeyama scores
Rusty Greer scores
Lee Stevens to third
Batting: RHB Mike Blowers 0-0: Ball
1-0: Ball
2-0: SINGLE (Groundball, 56D, EV 106.9 MPH)
Lee Stevens scores
Brant Brown to third
Runner from 3rd tries for Home, throw by LF and OUT! 7-2
Batting: LHB Midre Cummings 0-0: Called Strike
0-1: Called Strike
0-2: Foul Ball, location: 2F
0-2: Ball
1-2: Ball
2-2: Foul Ball, location: 2F
2-2: SINGLE (Line Drive, 8RM, EV 90.6 MPH)
Mike Blowers to second
Pitching: RHP Curt Lyons
Batting: RHB Mike Stanley 0-0: DOUBLE (Flyball, 8RXD, EV 108.8 MPH)
Mike Blowers scores
Midre Cummings to third
Batting: RHB Kevin Polcovich 0-0: Swinging Strike
0-1: Ball
1-1: Foul Ball, location: 2F
1-2: Ball
2-2: SINGLE (Line Drive, 6MD, EV 98.8 MPH)
Midre Cummings scores
Mike Stanley to third
Batting: RHB Shawn Gilbert 0-0: Swinging Strike
0-1: Ball
1-1: Ball
2-1: Swinging Strike
2-2: Ball
3-2: Strikes out swinging
Batting: RHB Takahiro Ikeyama 0-0: Called Strike
0-1: Ball
1-1: DOUBLE (Line Drive, 7LM, EV 100.6 MPH)
Mike Stanley scores
Kevin Polcovich to third
Runner from 3rd tries for Home, SAFE, throw by LF to trailing runner, SAFE at third!
Batting: LHB Rusty Greer 0-0: Foul Ball, location: 2F
0-1: Called Strike
0-2: Foul Ball, location: 2F
0-2: Ball
1-2: Ball
2-2: SINGLE (Groundball, 4D, EV 102.5 MPH)
Takahiro Ikeyama scores
Pitching: RHP Mike Glendenning
Batting: LHB Lee Stevens 0-0: DOUBLE (Line Drive, 7LM, EV 112.5 MPH)
Rusty Greer to third
Batting: LHB Brant Brown 0-0: Swinging Strike
0-1: Ball
1-1: Ball
2-1: Called Strike
2-2: Strikes out looking
Top of the 5th over - 8 runs, 9 hits, 0 errors, 2 left on base; Danville 14 - Brooklyn 3
BOTTOM OF THE 5TH
Brooklyn Cyclones batting - Pitching for Danville Dairy Daddies : RHP Scott Scudder
Batting: RHB Brent Cookson 0-0: Foul Ball, location: 2F
0-1: SINGLE (Line Drive, 56D, EV 100.6 MPH)
Batting: RHB Pedro Castellano 0-0: Foul Ball, location: 2F
0-1: Ball
1-1: Ball
2-1: SINGLE (Groundball, 56, EV 105.6 MPH) (infield hit)
Brent Cookson to second
Batting: RHB Mike R. Fitzgerald 0-0: Foul Ball, location: 2F
0-1: Ball
1-1: Foul Ball, location: 2F
1-2: Foul Ball, location: 2F
1-2: Grounds into double play, 5-4-3 (Groundball, 56S, EV 88.1 MPH)
Brent Cookson to third
Batting: RHB Alan Cockrell 0-0: Ball
1-0: Ball
2-0: SINGLE (Groundball, 3S, EV 85.0 MPH) (infield hit)
Brent Cookson scores
Batting: RHB Kevin Flora 0-0: Foul Ball, location: 2F
0-1: Foul Ball, location: 2F
0-2: Foul Ball, location: 2F
0-2: Strikes out swinging
Bottom of the 5th over - 1 run, 3 hits, 0 errors, 1 left on base; Danville 14 - Brooklyn 4
TOP OF THE 6TH
Danville Dairy Daddies batting - Pitching for Brooklyn Cyclones : RHP Mike Glendenning
Batting: RHB Mike Blowers 0-0: Fly out, F7 (Line Drive, 7D, EV 102.5 MPH)
Batting: LHB Midre Cummings 0-0: Called Strike
0-1: Ball
1-1: Foul Ball, location: 2F
1-2: Foul Ball, location: 2F
1-2: Ball
2-2: Foul Ball, location: 2F
2-2: Ball
3-2: Base on Balls
Batting: RHB Mike Stanley 0-0: Fly out, F9 (Flyball, 9S, EV 78.8 MPH)
Batting: RHB Kevin Polcovich 0-0: Swinging Strike
0-1: Ball
1-1: Called Strike
1-2: Ball
2-2: Fly out, F7 (Flyball, 7S, EV 98.1 MPH)
Top of the 6th over - 0 runs, 0 hits, 0 errors, 1 left on base; Danville 14 - Brooklyn 4
BOTTOM OF THE 6TH
Brooklyn Cyclones batting - Pitching for Danville Dairy Daddies : RHP Scott Scudder
Batting: RHB Onix Concepcion 0-0: Fly out, F8 (Line Drive, 8LD, EV 90.6 MPH)
Batting: LHB Ray Giannelli 0-0: Called Strike
0-1: Ball
1-1: Fly out, F7 (Flyball, 78M, EV 90.6 MPH)
Batting: RHB Jed Hansen 0-0: Ball
1-0: Ball
2-0: Called Strike
2-1: Swinging Strike
2-2: SINGLE (Line Drive, 78S, EV 106.3 MPH)
Batting: SHB Turner Ward 0-0: Ball
1-0: Ball
2-0: Ball
3-0: Called Strike
3-1: Called Strike
3-2: Ground out U3 (Groundball, 3L, EV 82.5 MPH)
Bottom of the 6th over - 0 runs, 1 hit, 0 errors, 1 left on base; Danville 14 - Brooklyn 4
TOP OF THE 7TH
Danville Dairy Daddies batting - Pitching for Brooklyn Cyclones : RHP Mike Glendenning
Batting: RHB Shawn Gilbert 0-0: SINGLE (Groundball, 25, EV 68.1 MPH) (infield hit)
Batting: RHB Takahiro Ikeyama 0-0: Foul Ball, location: 2F
0-1: Foul Ball, location: 2F
0-2: SINGLE (Groundball, 4D, EV 96.9 MPH)
Shawn Gilbert to second
Batting: LHB Rusty Greer 0-0: 3-RUN HOME RUN (Flyball, 9D, EV 85.6 MPH), Distance : 393 ft
Batting: LHB Lee Stevens 0-0: Called Strike
0-1: Foul Ball, location: 2F
0-2: Ball
1-2: Ground out 4-3 (Groundball, 4, EV 98.8 MPH)
Batting: LHB Brant Brown 0-0: Called Strike
0-1: Called Strike
0-2: Ball
1-2: Foul Ball, location: 2F
1-2: Ball
2-2: Strikes out swinging
Batting: RHB Mike Blowers 0-0: SINGLE (Line Drive, 3L, EV 95.6 MPH)
Batting: LHB Midre Cummings 0-0: Ball
1-0: Called Strike
1-1: Ball
2-1: Ball
Balk!
Mike Blowers to second
3-1: Swinging Strike
3-2: Strikes out swinging
Top of the 7th over - 3 runs, 4 hits, 0 errors, 1 left on base; Danville 17 - Brooklyn 4
BOTTOM OF THE 7TH
Brooklyn Cyclones batting - Pitching for Danville Dairy Daddies : RHP Scott Scudder
Pitching: RHP John Hope
Batting: RHB Brent Cookson 0-0: Called Strike
0-1: Ball
1-1: Ball
2-1: Ball
3-1: Called Strike
3-2: Foul Ball, location: 2F
3-2: Strikes out swinging
Batting: RHB Pedro Castellano 0-0: Ball
1-0: Called Strike
1-1: Swinging Strike
1-2: Ball
2-2: Strikes out looking
Batting: RHB Mike R. Fitzgerald 0-0: Called Strike
0-1: Ball
1-1: Swinging Strike
1-2: Foul Ball, location: 2F
1-2: Ball
2-2: Ball
3-2: Strikes out swinging
Bottom of the 7th over - 0 runs, 0 hits, 0 errors, 0 left on base; Danville 17 - Brooklyn 4
TOP OF THE 8TH
Danville Dairy Daddies batting - Pitching for Brooklyn Cyclones : RHP Mike Glendenning
Batting: RHB Mike Stanley 0-0: Ball
1-0: Ball
2-0: Ball
3-0: Called Strike
3-1: Base on Balls
Pitching: RHP Tim Belk
Batting: RHB Kevin Polcovich 0-0: Ball
1-0: Ball
2-0: Called Strike
2-1: Ball
3-1: SINGLE (Line Drive, 7S, EV 94.4 MPH)
Mike Stanley to second
Batting: RHB Shawn Gilbert 0-0: Ball
1-0: Foul Ball, location: 2F
1-1: Ball
2-1: Ball
3-1: SINGLE (Line Drive, 8RS, EV 98.1 MPH)
Mike Stanley to third
Kevin Polcovich to second
Batting: RHB Takahiro Ikeyama 0-0: Ball
1-0: Ball
2-0: Fielders Choice at 2nd, 6-4 (Groundball, 6, EV 85.0 MPH)
Mike Stanley scores
Kevin Polcovich to third
Batting: LHB Rusty Greer 0-0: Ball
1-0: Called Strike
1-1: Swinging Strike
1-2: Ball
2-2: Ball
3-2: Strikes out swinging
Takahiro Ikeyama is caught stealing 2nd base 2-6
Batter strikes out.
Top of the 8th over - 1 run, 2 hits, 0 errors, 1 left on base; Danville 18 - Brooklyn 4
BOTTOM OF THE 8TH
Brooklyn Cyclones batting - Pitching for Danville Dairy Daddies : RHP John Hope
Batting: RHB Alan Cockrell 0-0: Ball
1-0: SINGLE (Line Drive, 9S, EV 103.8 MPH)
Batting: RHB Kevin Flora 0-0: Called Strike
0-1: SINGLE (Groundball, 56D, EV 108.8 MPH)
Alan Cockrell to second
Batting: RHB Onix Concepcion 0-0: Ball
1-0: Ball
2-0: Swinging Strike
2-1: Ball
3-1: Swinging Strike
3-2: Foul Ball, location: 2F
3-2: Fly out, F7 (Flyball, 7, EV 91.9 MPH)
Batting: LHB Ray Giannelli 0-0: SINGLE (Groundball, 4MD, EV 100.6 MPH)
Alan Cockrell to third
Kevin Flora to second
Batting: RHB Jed Hansen 0-0: Ball
1-0: Called Strike
1-1: Called Strike
1-2: Ball
2-2: Ball
3-2: Base on Balls
Alan Cockrell scores
Kevin Flora to third
Ray Giannelli to second
Pitching: LHP Joe Crawford
Batting: SHB Turner Ward 0-0: Ball
1-0: Called Strike
1-1: Fly out, F8 (Flyball, 8RS, EV 83.8 MPH)
Batting: RHB Brent Cookson 0-0: SINGLE (Line Drive, 4D, EV 96.9 MPH)
Kevin Flora scores
Ray Giannelli to third
Jed Hansen to second
Runner from 3rd tries for Home, throw by RF and OUT! 9-2
Bottom of the 8th over - 2 runs, 4 hits, 0 errors, 2 left on base; Danville 18 - Brooklyn 6
TOP OF THE 9TH
Danville Dairy Daddies batting - Pitching for Brooklyn Cyclones : RHP Tim Belk
Batting: LHB Lee Stevens 0-0: Foul Ball, location: 2F
0-1: Called Strike
0-2: Foul Ball, location: 2F
0-2: Foul Ball, location: 2F
0-2: Ball
1-2: Ball
2-2: Foul Ball, location: 2F
2-2: Ground out 6-3 (Groundball, 6, EV 105.6 MPH)
Batting: LHB Brant Brown 0-0: Ball
1-0: Foul Ball, location: 2F
1-1: Ball
2-1: SINGLE (Line Drive, 6MD, EV 97.5 MPH)
Batting: RHB Mike Blowers 0-0: Fly out, F9 (Flyball, 9, EV 86.9 MPH)
Batting: LHB Midre Cummings 0-0: Ball
Wild Pitch!
Brant Brown to second
1-0: Foul Ball, location: 2F
1-1: Ball
Wild Pitch!
Brant Brown to third
2-1: Foul Ball, location: 2F
2-2: Foul Ball, location: 2F
2-2: Ball
3-2: Base on Balls
Batting: RHB Mike Stanley 0-0: Ball
1-0: Called Strike
1-1: Ball
2-1: Ball
3-1: Base on Balls
Midre Cummings to second
Batting: RHB Kevin Polcovich 0-0: Swinging Strike
0-1: Foul Ball, location: 2F
0-2: Ball
1-2: Ball
2-2: Fielders Choice at 2nd, 5-4 (Groundball, 5L, EV 96.9 MPH)
Top of the 9th over - 0 runs, 1 hit, 0 errors, 3 left on base; Danville 18 - Brooklyn 6
BOTTOM OF THE 9TH
Brooklyn Cyclones batting - Pitching for Danville Dairy Daddies : LHP Joe Crawford
Batting: RHB Pedro Castellano 0-0: Ball
1-0: Called Strike
1-1: Swinging Strike
1-2: Ball
2-2: Foul Ball, location: 2F
2-2: Foul Ball, location: 2F
2-2: Foul Ball, location: 2F
2-2: Ball
3-2: Base on Balls
Batting: RHB Mike R. Fitzgerald 0-0: Ball
1-0: Ball
2-0: Called Strike
2-1: Ball
3-1: Base on Balls
Pedro Castellano to second
Batting: RHB Alan Cockrell 0-0: Ball
1-0: Foul Ball, location: 2F
1-1: Foul Ball, location: 2F
1-2: Strikes out swinging
Batting: RHB Kevin Flora 0-0: Ball
1-0: Ball
2-0: Ball
3-0: Called Strike
3-1: Foul Ball, location: 2F
3-2: Foul Ball, location: 2F
3-2: Foul Ball, location: 2F
3-2: Fly out, F8 (Line Drive, 8RM, EV 104.4 MPH)
Batting: RHB Onix Concepcion 0-0: Ball
1-0: Called Strike
1-1: Called Strike
1-2: Foul Ball, location: 2F
1-2: Fielders Choice at 2nd, 6-4 (Groundball, 6, EV 103.1 MPH)
Bottom of the 9th over - 0 runs, 0 hits, 0 errors, 2 left on base; Danville 18 - Brooklyn 6
Wednesday, February 25th, 2026 - OOTP Baseball 20.8 Build 74